 Dungeon Crawl Stone Soup version 0.29.1-13-g9f3cf754e1 (webtiles) character file.

Game seed: 2425532030029294697

276442 croobank the Corrupter of Planes (level 19, -1/142 (159) HPs)
             Began as a Demonspawn Abyssal Knight on Feb 9, 2023.
             Was the Champion of Lugonu.
             Slain by a jiangshi (5 damage)
             ... in a wizard's laboratory on Feb 10, 2023.
             The game lasted 04:11:10 (57077 turns).

croobank the Corrupter of Planes (DsAK)            Turns: 57077, Time: 04:11:11

HP:   -1/142 (159)  AC: 29    Str: 19    XL:     19   Next: 58%
MP:   0/33          EV: 11    Int: 21    God:    Lugonu [******]
Gold: 2304          SH: 15    Dex: 18    Spells: 27/27 levels left

rFire   + + .      SeeInvis .   a - +8 hand axe (spect)
rCold   + . .      Faith    .   o - +5 kite shield {reflect}
rNeg    + . .      Spirit   +   j - +8 orange crystal plate armour {Archmagi, Int+3 Clar}
rPois   .          Reflect  +   (helmet unavailable)
rElec   .          Harm     .   y - +2 cloak
rCorr   .          Rampage  +   (no gloves)
Will    +++++      Archmagi +   I - +0 pair of boots of Daffodils {Drain rF++ Will+++ Str-2}
Stlth   .......... Clarity  +   b - amulet "Xeihonod" {Rampage Regen+ Int+2 Stlth+}
HPRegen 1.13/turn               X - +6 ring of strength
MPRegen 0.46/turn               W - ring of positive energy

@: silenced, studying Necromancy, heavily drained
A: horns 3, foul stench 2, magic shield, magic regeneration, sturdy frame 2,
corrupting presence 2, agile 1, cold resistance 1, deformed body, strong-willed
1
}: 2/15 runes: barnacled, gossamer
a: Renounce Religion


You were in a wizard's laboratory.
You worshipped Lugonu.
Lugonu was exalted by your worship.
You visited 7 branches of the dungeon, and saw 35 of its levels.
You visited the Abyss 1 time.
You also visited: Ice Cave and Wizlab.

You collected 5651 gold pieces.
You spent 3347 gold pieces at shops.

Inventory:

Hand Weapons
 a - a +8 spectral hand axe (weapon)
 q - a +3 broad axe of distortion
 w - a +6 demon trident of flaming
 C - the +9 rapier "Lefoecke" {flame, Contam rElec Int+5 Dex+4}
   (You found it on level 3 of the Shoals)

   It burns those it strikes, dealing additional fire damage.
   Int:       It affects your intelligence (+5).
   Dex:       It affects your dexterity (+4).
   rElec:     It insulates you from electricity.
   Contam:    It causes magical contamination when unequipped.
 J - a +4 scimitar of flaming
Missiles
 x - 6 silver boomerangs (quivered)
 O - 5 curare-tipped darts
 S - a throwing net
Armour
 j - the +8 orange crystal plate armour (worn) {Archmagi, Int+3 Clar}
   (You acquired it on level 3 of the Dungeon)

   Int:       It affects your intelligence (+3).
   Clar:      It protects you against confusion.
 o - a +5 kite shield of reflection (worn)
 y - a +2 cloak (worn)
 I - the +0 pair of boots of Daffodils (worn) {Drain rF++ Will+++ Str-2}
   (You bought it in a shop on level 1 of the Orcish Mines)

   Str:       It affects your strength (-2).
   rF:        It greatly protects you from fire.
   Drain:     It drains your maximum health when unequipped.
   Will:      It greatly increases your willpower.
 U - the +4 ring mail "Xixedop" {-Cast rElec rF++ rCorr}
   (You found it on level 5 of the Lair of Beasts)

   rF:        It greatly protects you from fire.
   rElec:     It insulates you from electricity.
   -Cast:     It prevents spellcasting.
   rCorr:     It protects you from acid and corrosion.
Jewellery
 b - the amulet "Xeihonod" (around neck) {Rampage Regen+ Int+2 Stlth+}
   (You bought it in a shop on level 1 of the Shoals)

   [amulet of regeneration]

   Int:       It affects your intelligence (+2).
   Regen:     It increases your rate of health regeneration.
   Rampage:   It bestows one free step when moving towards enemies.
   Stlth:     It makes you more stealthy.
 v - a ring of protection from cold
 E - a ring of flight
 H - a ring of fire
 W - a ring of positive energy (right hand)
 X - a +6 ring of strength (left hand)
 Z - a ring of see invisible
Wands
 p - a wand of roots (5)
 M - a wand of paralysis (2)
 Q - a wand of flame (18)
 V - a wand of mindburst (13)
Scrolls
 h - 7 scrolls of teleportation
 m - a scroll of fear
 D - a scroll of blinking
 G - 2 scrolls of enchant armour
 L - 5 scrolls of immolation
 N - 11 scrolls of identify
 P - 7 scrolls of magic mapping
Potions
 c - 7 potions of cancellation
 d - 4 potions of brilliance
 f - 5 potions of lignification
 r - 12 potions of haste
 s - 8 potions of mutation
 u - a potion of berserk rage
 z - 7 potions of curing
 K - 2 potions of magic
 Y - a potion of might
Miscellaneous
 t - a box of beasts
 A - a phantom mirror
 R - a tin of tremorstones (2/2)
 T - a phial of floods


   Skills:
 + Level 16.5 Fighting
 + Level 15.1 Axes
 - Level 14.6 Armour
 - Level 14.4 Dodging
 * Level 6.0 Shields
 - Level 4.8 Spellcasting
 - Level 8.6 Necromancy
 + Level 20.6 Invocations


You had 27 spell levels left.
You didn't know any spells.
Your spell library contained the following spells:

 Spells                   Type           Power      Damage    Failure   Level
 Animate Dead             Necr           58%        N/A       83%         4
 Foxfire                  Conj/Fire      28%        2x1d5     99%         1
 Magic Dart               Conj           28%        1d4       99%         1
 Shock                    Conj/Air       28%        1d4       99%         1
 Summon Small Mammal      Summ           28%        N/A       99%         1
 Agony                    Necr           58%        N/A       99%         5
 Call Imp                 Summ           7%         N/A       100%        2
 Ensorcelled Hibernation  Hex/Ice        14%        N/A       100%        2
 Passwall                 Tmut/Erth      5%         N/A       100%        2
 Poisonous Vapours        Pois/Air       14%        N/A       100%        2
 Searing Ray              Conj           14%        2d5       100%        2
 Conjure Flame            Conj/Fire      7%         6-21      100%        3
 Dazzling Flash           Conj/Hex       14%        N/A       100%        3
 Inner Flame              Hex/Fire       7%         N/A       100%        3
 Mephitic Cloud           Conj/Pois/Air  7%         N/A       100%        3
 Ozocubu's Armour         Ice            7%         N/A       100%        3
 Portal Projectile        Hex/Tloc       14%        N/A       100%        3
 Summon Guardian Golem    Hex/Summ       7%         N/A       100%        3
 Swiftness                Air            7%         N/A       100%        3
 Tukima's Dance           Hex            7%         N/A       100%        3
 Airstrike                Air            3%         2d(1-17)  100%        4
 Corpse Rot               Necr/Pois/Air  25%        N/A       100%        4
 Flame Wave               Conj/Fire      7%         2d5       100%        4
 Fulminant Prism          Conj/Hex       3%         3d6       100%        4
 Leda's Liquefaction      Hex/Erth       3%         N/A       100%        4
 Summon Ice Beast         Ice/Summ       7%         N/A       100%        4
 Blade Hands              Tmut           3%         N/A       100%        5
 Fireball                 Conj/Fire      3%         3d4       100%        5
 Iskenderun's Battlesphe  Conj           7%         2d6       100%        5
 Lee's Rapid Deconstruct  Erth           3%         3d6*      100%        5
 Silence                  Hex/Air        3%         N/A       100%        5
 Summon Forest            Summ/Tloc      3%         N/A       100%        5
 Summon Mana Viper        Hex/Summ       7%         N/A       100%        5
 Conjure Ball Lightning   Conj/Air       3%         3x3d6     100%        6
 Dispersal                Tloc           3%         N/A       100%        6
 Eringya's Noxious Bog    Tmut/Pois      3%         N/A       100%        6
 Statue Form              Tmut/Erth      4%         N/A       100%        6
 Haunt                    Necr/Summ      17%        N/A       100%        7
 Monstrous Menagerie      Summ           3%         N/A       100%        7
 Orb of Destruction       Conj           3%         9d5       100%        7
 Ozocubu's Refrigeration  Ice            3%         4d8       100%        7
 Summon Hydra             Summ           3%         N/A       100%        7
 Disjunction              Tloc           3%         N/A       100%        8
 Infestation              Necr           29%        N/A       100%        8


Dungeon Overview and Level Annotations

Branches:
Dungeon (15/15)            Temple (0/1) D:7            Lair (5/5) D:9
 Shoals (4/4) Lair:2       Spider (4/4) Lair:3        Slime (0/5) Lair:4
    Orc (2/2) D:11            Elf (2/3) Orc:2        Vaults (3/5) D:14
  Crypt (0/3) Vaults:2     Depths (0/4) D:15          IceCv (visited)
 WizLab (1/1)

Altars:
Ashenzari
Cheibriados
Dithmenos
Gozag
Kikubaaqudgha
Makhleb
Nemelex Xobeh
Ru
Sif Muna
Trog
Vehumet
Wu Jian
Yredelemnul
Jiyva
Lugonu

Shops:
D:2 *   D:7 (   D:8 (*?   Orc:1 [   Orc:2 [(==   Elf:1 ?   Elf:2 :
Shoals:1 (=?   Shoals:2 *[   Vaults:1 ?   Vaults:3 [?

Portals:
Abyss: Lair:5

Annotations:
D:4 1 runed translucent door, Jingleheimer's ghost, amateur MiGl
D:11 corrupted
Lair:5 corrupted
Shoals:1 corrupted
Shoals:2 corrupted, 3 runed translucent doors, exclusion: obsidian statue, Abaecet's ghost, adept TrFi
Shoals:4 corrupted
Spider:3 corrupted
Spider:4 corrupted
Orc:1 corrupted
Elf:1 corrupted, 3 runed translucent doors, croobank's ghost, adept GnWn
Elf:2 corrupted, 1 runed translucent door, Fuonemn's ghost, veteran DDBe
Vaults:1 corrupted
Vaults:2 corrupted
Abyss:1 Donald


Innate Abilities, Weirdness & Mutations

You have a pair of large horns on your head.
You sometimes emit foul miasma when damaged in melee.
When hurt, damage is shared between your health and your magic reserves.
You regenerate magic rapidly.
Your movements are less encumbered by armour. (ER -4)
Your presence sometimes corrodes or deforms those you injure.
You are agile. (Dex +4, Str/Int -1)
Your flesh is cold resistant. (rC+)
Armour fits poorly on your strangely shaped body.
You are strong-willed. (Will+)


Message History

You block the skeletal warrior's attack.
The revenant blinks!
You hit the ancient champion. You headbutt the ancient champion.
The ancient champion is lightly damaged.
You barely miss the jiangshi.
Your +8 spectral hand axe hits the jiangshi!
Your +8 spectral hand axe hits the ancient champion!
The ancient champion hits you but does no damage.
The jiangshi attacks as you move away! You block the jiangshi's attack.
The jiangshi claws you.
* * * LOW HITPOINT WARNING * * *
The necromancer points at you and mumbles some strange words.
The bolt of negative energy hits the skeletal warrior.
The skeletal warrior completely resists.
The bolt of negative energy hits the ancient champion.
The ancient champion completely resists.
The bolt of negative energy misses you.
The ancient champion attacks as you move away!
You block the ancient champion's attack.
The jiangshi claws you but does no damage. x2
The ancient champion hits you but does no damage.
The ancient champion attacks as you move away!
The ancient champion barely misses you.
Things that are here:
a +0 long sword; a +0 dire flail The ancient champion is no longer covered in acid.
You block the ancient champion's attack.
The ancient champion attacks as you move away!
The ancient champion hits you with a +2 great mace!
* * * LOW HITPOINT WARNING * * *
You emit a cloud of foul miasma!
The ancient champion gestures at you while chanting.
Your +5 kite shield of reflection reflects the iron shot!
The iron shot hits the ancient champion!!
The ancient champion gestures at you while chanting.
The iron shot hits you!!
* * * LOW HITPOINT WARNING * * *
The jiangshi claws you but does no damage.
The jiangshi claws you.
You die...

#### #⌠.....⌠# #### ##..##
#...∩...# ##..##
##....#####.......#####....##
#...........##.##..Z.....#..#
#..#........##.##.z...p..#..#
#.....#####......)#####.....#
#....## #...∩Vz.#...##....#
#...## #⌠..V..⌠#...§##z..#
#..## ###.@.###.....##..##
#...# ##.##......V.#...#
#.... #⌠#.....#..V....#
#...#Z ###.....#.Zz....#
#...#.. #.p....##......#
#...# .# #.#.##. #......#
##... .# .pz# #Z #.....##
#... # .Z. .. #..#..# ..
..##..#..#


You could see an ancient champion (fast), a skeletal warrior, 2 jiangshi and a
quicksilver dragon zombie.

Vanquished Creatures
  Jorgrun (D:12)
  Rupert (Orc:2)
  Polyphemus (Shoals:2)
  Kirke (Spider:1)
  Roxanne (Spider:4)
  An orc warlord (Vaults:2)
  2 deep elf sorcerers
  3 emperor scorpions
  3 ghost moths
  9 vault wardens
  Louise (Spider:4)
  6 ironbound preservers
  7 very ugly things
  3 war gargoyles
  3 ironbound thunderhulks
  A deep elf demonologist (Elf:1)
  Nessos (D:14)
  A deep elf annihilator (Elf:1)
  A spectral titan (WizLab)
  7 entropy weavers
  2 spark wasps (Spider:4)
  Azrael (D:14)
  6 dire elephants
  3 eidola (WizLab)
  A deep elf death mage (Elf:1)
  9 merfolk impalers
  2 merfolk javelineers
  3 jiangshi (WizLab)
  A crystal guardian (Vaults:2)
  3 great orbs of eyes
  A spectral quicksilver dragon (WizLab)
  5 boulder beetles
  8 yaktaur captains
  Harold (Lair:2)
  2 jorogumos (Spider:4)
  4 hydras
  3 peacekeepers
  2 vault guards (Vaults:1)
  9 centaur warriors
  2 catoblepae
  2 radroaches (Spider:3)
  Erica (D:8)
  3 merfolk avatars
  4 ironbound frosthearts
  3 two-headed ogres
  A merfolk aquamancer (Shoals:4)
  An alligator snapping turtle (Shoals:2)
  3 satyrs
  4 death yaks (Shoals:2)
  5 tengu warriors
  4 orc high priests
  6 dancing weapons
  A titan zombie (WizLab)
  Urug (D:14)
  Sonja (D:11)
  2 shadow wraiths
  6 deep elf knights
  5 pharaoh ants
  2 skeletal warriors (WizLab)
  7 orb spiders
  2 sun moths
  11 sea snakes
  A glowing orange brain (Vaults:1)
  15 deep trolls
  7 steelbarb worms
  4 orc knights
  5 spriggan simulacra
  A broodmother zombie (Spider:4)
  15 harpies
  4 phantasmal warriors
  A wizard (Vaults:2)
  Pikel (D:5)
  6 lindwurms
  25 wolf spiders
  11 deep elf pyromancers
  7 deep elf zephyrmancers
  5 ironbound convokers
  17 fauns
  A spectral spriggan (WizLab)
  A spectral wolf spider (Spider:4)
  3 orc sorcerers
  14 manticores
  16 ugly things
  A cyclops (shapeshifter) (Vaults:1)
  8 cyclopes
  5 moths of wrath
  10 merfolk sirens
  8 vault sentinels
  8 elephants
  5 black mambas
  A guardian serpent (shapeshifter) (Lair:5)
  A gargoyle (D:12)
  14 water nymphs
  9 cane toads
  7 torpor snails
  Maggie (D:7)
  4 demonic crawlers
  2 freezing wraiths (IceCv)
  An ice devil (IceCv)
  An unseen horror (shapeshifter) (D:13)
  7 komodo dragons
  2 unseen horrors
  A redback zombie (Spider:4)
  20 yaktaurs
  5 anaconda simulacra (IceCv)
  5 rime drakes (Lair:5)
  2 tengu conjurers
  2 efreet (D:14)
  3 trolls
  An ancient zyme (Lair:5)
  A polar bear (Lair:5)
  12 meliai
  26 merfolk
  A spectral jumping spider (Spider:4)
  17 tarantellas
  4 wind drakes
  17 blink frogs
  8 snapping turtles
  8 slime creatures
  6 dream sheep
  A spectral tarantella (Spider:4)
  A spriggan zombie (WizLab)
  A culicivora zombie (Spider:4)
  9 air elementals
  31 jumping spiders
  3 ynoxinuls (Lair:5)
  21 culicivoras
  2 wraiths
  2 dire elephant simulacra (IceCv)
  16 water elementals
  16 humans
  A large abomination (Lair:5)
  A yak (shapeshifter) (Lair:5)
  A spriggan (Lair:5)
  23 yaks
  5 wyverns
  3 hogs (Spider:1)
  2 basilisks
  3 fire elementals
  32 redbacks
  6 vampire mosquitoes (D:12)
  3 harpy simulacra (IceCv)
  2 wargs (Orc:2)
  3 acid dragons
  14 water moccasins
  A hydra simulacrum (IceCv)
  3 hell hounds (D:14)
  12 orc warriors
  2 sky beasts
  An ettin simulacrum (IceCv)
  3 ice beasts
  8 wolves
  18 centaurs
  3 ogres
  4 boggarts (D:15)
  3 phantoms
  3 lemures (D:5)
  2 kobold brigands
  Blork the orc (D:5)
  2 necrophages
  A scorpion (D:6)
  6 bullfrogs
  4 gnoll sergeants
  A deep troll simulacrum (IceCv)
  5 killer bees (D:11)
  A vampire bat (D:5)
  7 howler monkeys
  An electric eel (D:8)
  18 orc priests
  2 gnoll boudas
  2 hounds
  2 iron imps
  2 iguanas (D:5)
  Ijyb (D:5)
  20 orc wizards
  6 hell rats (Lair:3)
  10 small abominations (Lair:5)
  23 gnolls
  3 adders
  2 shadow imps
  4 white imps
  An ufetubus (D:4)
  A worm (D:2)
  4 dart slugs
  3 fire bats (D:5)
  54 orcs
  2 spectral bats (D:5)
  3 bat skeletons (D:5)
  A bat zombie (D:5)
  7 endoplasms
  5 giant cockroaches
  9 goblins
  6 hobgoblins
  3 quokkas
  5 ball pythons
  19 bats
  A bat simulacrum (D:5)
  5 frilled lizards
  20 kobolds
  5 rats
1134 creatures vanquished.

Vanquished Creatures (collateral kills)
  Frances (D:13)
  2 hydras (Lair:1)
  A komodo dragon (Lair:1)
4 creatures vanquished.

Vanquished Creatures (others)
  Mara (Spider:4)
  A lich (IceCv)
  A storm dragon (Shoals:4)
  Ilsuiw (Shoals:2)
  An orc warlord (Vaults:2)
  2 emperor scorpions (Spider:4)
  2 dire elephants (Vaults:1)
  3 merfolk javelineers (Shoals:4)
  Josephine (D:11)
  A yaktaur captain (Vaults:2)
  6 merfolk impalers
  2 caustic shrike simulacra (IceCv)
  A merfolk avatar (Shoals:2)
  3 merfolk aquamancers
  An alligator snapping turtle (Shoals:1)
  5 death scarabs (Spider:4)
  3 dancing weapons
  2 thrashing horrors (Lair:5)
  A pharaoh ant (Spider:4)
  2 sea snakes (Shoals:4)
  2 deep elf archers
  5 bog bodies (IceCv)
  An orb spider (Spider:3)
  An obsidian statue (IceCv)
  4 orc knights
  2 spriggan simulacra (Shoals:2)
  A necromancer (IceCv)
  7 harpies (Shoals:1)
  A broodmother zombie (Spider:4)
  6 deep elf pyromancers
  2 wizards
  A spectral jorogumo (Spider:4)
  4 deep elf zephyrmancers (Elf:2)
  4 wolf spiders
  A lindwurm (Lair:5)
  3 ugly things (Vaults:2)
  2 manticores (Shoals:4)
  3 merfolk sirens
  5 water nymphs
  A redback zombie (Spider:4)
  8 freezing wraiths (IceCv)
  23 merfolk
  2 anaconda simulacra (Shoals:2)
  3 trolls (Orc:1)
  2 wind drakes
  A spectral tarantella (Spider:4)
  4 spectral jumping spiders (Spider:4)
  4 blink frogs (Lair:5)
  4 snapping turtles
  3 tarantellas (Spider:4)
  2 tarantella zombies (Spider:4)
  2 jumping spiders
  2 air elementals
  A centaur simulacrum (D:14)
  2 ynoxinuls (Lair:5)
  A yak (shapeshifter) (Elf:2)
  2 culicivoras
  3 yaks (D:11)
  A dire elephant simulacrum (IceCv)
  10 water elementals
  4 wraiths (D:11)
  2 redbacks (Spider:4)
  2 minotaur simulacra (Shoals:2)
  A warg (D:11)
  2 harpy simulacra (IceCv)
  A hydra simulacrum (IceCv)
  A large abomination (Lair:5)
  6 orc warriors
  5 alligator simulacra
  An ettin simulacrum (IceCv)
  An earth elemental (Elf:2)
  3 lindwurm simulacra (IceCv)
  2 orc priests (D:11)
  6 orc wizards
  3 gnolls (Orc:1)
  15 orcs
  A hobgoblin (D:11)
  23 fungi
  156 plants
  34 starspawn tentacles
445 creatures vanquished.

Grand Total: 1583 creatures vanquished

Notes
Turn   | Place    | Note
-------+----------+-------------------------------------------
     0 | Abyss:1  | croobank the Demonspawn Abyssal Knight began the quest for
                  | the Orb.
     0 | Abyss:1  | Reached XP level 1. HP: 18/18 MP: 2/2
   280 | Abyss:1  | Noticed an apocalypse crab
   291 | Abyss:2  | Noticed a blink frog
   291 | Abyss:2  | Noticed a blink frog
   291 | D:1      | Escaped the Abyss
   560 | D:1      | Reached skill level 1 in Dodging
   873 | D:1      | You fall into a shaft and drop 1 floor!
   887 | D:2      | Gained mutation: You have a pair of small horns on your
                  | head. [demonic ancestry]
   887 | D:2      | Reached XP level 2. HP: 23/24 MP: 4/4
  1323 | D:1      | Gained mutation: You may rarely emit foul miasma when
                  | damaged in melee. [demonic ancestry]
  1323 | D:1      | Reached XP level 3. HP: 25/29 MP: 5/5
  1366 | D:1      | Found a faded altar of an unknown god.
  1458 | D:1      | Reached skill level 3 in Invocations
  2238 | D:2      | Found Foramin's Assorted Antiques.
  2539 | D:2      | Bought a scroll of identify for 58 gold pieces
  2824 | D:2      | Reached XP level 4. HP: 29/35 MP: 6/6
  3319 | D:3      | Reached *** piety under Lugonu
  3421 | D:3      | Found a shimmering blue altar of Sif Muna.
  3465 | D:3      | Identified a scroll of acquirement
  3465 | D:3      | Acquired the +8 orange crystal plate armour {Archmagi,
                  | Int+3 Clar}
  3465 | D:3      | Found the +8 orange crystal plate armour {Archmagi, Int+3
                  | Clar}
  3973 | D:4      | Gained mutation: You sometimes emit foul miasma when
                  | damaged in melee. [demonic ancestry]
  3973 | D:4      | Reached XP level 5. HP: 30/41 MP: 7/7
  3978 | D:4      | Noticed a phantom
  3988 | D:4      | Killed a phantom
  3989 | D:4      | Reached skill level 4 in Invocations
  4466 | D:4      | Found a radiant altar of Vehumet.
  4632 | D:4      | Found a runed translucent door.
  4632 | D:4      | Noticed Jingleheimer's ghost (amateur MiGl)
  4662 | D:5      | Entered Level 5 of the Dungeon
  4663 | D:5      | Found a bloodstained altar of Trog.
  4671 | D:5      | Noticed Blork the orc
  4676 | D:5      | Killed Blork the orc
  4677 | D:5      | Reached XP level 6. HP: 48/48 MP: 9/9
  4892 | D:5      | Reached **** piety under Lugonu
  4990 | D:5      | Reached XP level 7. HP: 55/55 MP: 10/10
  5293 | D:5      | Noticed Pikel
  5300 | D:5      | Killed Pikel
  5301 | D:5      | Reached skill level 5 in Fighting
  5301 | D:5      | Reached skill level 5 in Invocations
  5301 | D:5      | Reached XP level 8. HP: 33/62 MP: 10/12
  5479 | D:5      | Reached skill level 6 in Invocations
  5725 | D:5      | Noticed Ijyb
  5735 | D:5      | Killed Ijyb
  6370 | D:6      | Found a burning altar of Makhleb.
  6808 | D:6      | Reached skill level 7 in Invocations
  7013 | D:7      | Reached skill level 5 in Axes
  7013 | D:7      | Reached skill level 5 in Armour
  7050 | D:7      | Reached XP level 9. HP: 24/69 MP: 14/14
  7573 | D:7      | Reached skill level 5 in Dodging
  7729 | D:7      | Found a staircase to the Ecumenical Temple.
  7783 | D:7      | Identified the +11 chain mail of the First Snow {Int+3}
  7813 | D:7      | Reached ***** piety under Lugonu
  7860 | D:7      | Noticed Maggie
  7877 | D:7      | Killed Maggie
  8091 | D:7      | Found Jadgher's Weapon Shoppe.
  8362 | D:8      | Reached skill level 8 in Invocations
  8543 | D:8      | Found Surazo's Magic Scroll Emporium.
  8543 | D:8      | Found Vixeiq's General Store.
  8544 | D:8      | Found Guanisk's Antique Weapon Emporium.
  8549 | D:8      | Bought a scroll of blinking for 112 gold pieces
  8549 | D:8      | Bought a scroll of summoning for 142 gold pieces
  8549 | D:8      | Bought 3 scrolls of identify for 90 gold pieces
  8551 | D:8      | Bought a scroll of identify for 24 gold pieces
  9358 | D:8      | Noticed Erica
  9365 | D:8      | Killed Erica
  9366 | D:8      | Gained mutation: You regenerate magic rapidly. [demonic
                  | ancestry]
  9366 | D:8      | Reached XP level 10. HP: 69/79 MP: 16/16
  9551 | D:9      | Found a broken altar of Ashenzari.
  9551 | D:9      | Found an opulent altar of Gozag.
  9552 | D:9      | Found an ornate altar of the Wu Jian Council.
  9852 | D:9      | Found a sparkling altar of Nemelex Xobeh.
 10071 | D:9      | Found a staircase to the Lair.
 10195 | D:9      | Reached skill level 9 in Invocations
 10367 | D:9      | Found a shadowy altar of Dithmenos.
 10727 | D:10     | Entered Level 10 of the Dungeon
 10750 | D:10     | Noticed a centaur warrior
 10766 | D:10     | Killed a centaur warrior
 11885 | D:11     | Reached skill level 10 in Invocations
 12017 | D:11     | Corrupted D:11
 12017 | D:11     | Noticed a profane servitor
 12017 | D:11     | Noticed a worldbinder
 12017 | D:11     | Noticed a tentacled starspawn
 12023 | D:11     | Noticed a goliath frog
 12026 | D:11     | Noticed a bog body
 12029 | D:11     | Noticed a goliath frog
 12032 | D:11     | Noticed a smoke demon
 12033 | D:11     | Noticed a goliath frog
 12042 | D:11     | Found a staircase to the Orcish Mines.
 12042 | D:11     | Noticed a lich
 12060 | D:11     | Noticed a smoke demon
 12065 | D:11     | Killed Josephine
 12181 | D:11     | Noticed a two-headed ogre
 12182 | D:11     | Noticed a gargoyle
 12196 | D:11     | Killed a two-headed ogre
 12197 | D:11     | Gained mutation: Your movements are slightly less
                  | encumbered by armour. (ER -2) [demonic ancestry]
 12197 | D:11     | Reached XP level 11. HP: 29/86 MP: 18/18
 12767 | D:11     | Noticed Sonja
 12770 | D:11     | Killed Sonja
 13153 | Lair:1   | Entered Level 1 of the Lair of Beasts
 13539 | Lair:1   | Noticed a six-headed hydra
 13539 | Lair:1   | Noticed a six-headed hydra
 13555 | Lair:1   | Killed a five-headed hydra
 13557 | Lair:1   | Killed a six-headed hydra
 14041 | Lair:1   | Reached skill level 11 in Invocations
 14749 | Lair:2   | Noticed Harold
 14762 | Lair:2   | Killed Harold
 15837 | Lair:2   | Gained mutation: You have a pair of horns on your head.
                  | [demonic ancestry]
 15837 | Lair:2   | Reached XP level 12. HP: 89/96 MP: 20/20
 15869 | Lair:2   | Found a staircase to the Shoals.
 16537 | Lair:3   | Reached skill level 12 in Invocations
 16830 | Lair:3   | Noticed a catoblepas
 17185 | Lair:3   | Killed a catoblepas
 17337 | Lair:3   | Reached skill level 10 in Fighting
 17485 | Lair:3   | Found a hole to the Spider Nest.
 18318 | Lair:3   | Found a sacrificial altar of Ru.
 19325 | Lair:4   | Noticed a six-headed hydra
 19350 | Lair:4   | Killed a three-headed hydra
 19484 | Lair:4   | Reached skill level 13 in Invocations
 19718 | Lair:4   | Found a viscous altar of Jiyva.
 19718 | Lair:4   | Found a staircase to the Slime Pits.
 20053 | Lair:5   | Entered Level 5 of the Lair of Beasts
 20170 | Lair:5   | Gained mutation: Your movements are less encumbered by
                  | armour. (ER -4) [demonic ancestry]
 20170 | Lair:5   | Reached XP level 13. HP: 104/104 MP: 22/22
 21195 | Lair:5   | Reached skill level 10 in Armour
 21257 | Lair:5   | Reached ****** piety under Lugonu
 21304 | Lair:5   | Corrupted Lair:5
 21304 | Lair:5   | Noticed a reaper
 21304 | Lair:5   | Noticed a blizzard demon
 21304 | Lair:5   | Noticed a tentacled starspawn
 21305 | Lair:5   | Noticed a starcursed mass
 21312 | Lair:5   | Noticed a balrug
 21331 | Lair:5   | Noticed a bone dragon
 21524 | Lair:5   | Found a corrupted altar of Lugonu.
 21524 | Lair:5   | Found a one-way gate to the infinite horrors of the Abyss.
 21536 | Lair:5   | Identified the +4 ring mail "Xixedop" {-Cast rElec rF++
                  | rCorr}
 21573 | Lair:5   | Reached skill level 10 in Axes
 21766 | Orc:1    | Entered Level 1 of the Orcish Mines
 21775 | Orc:1    | Corrupted Orc:1
 21775 | Orc:1    | Noticed an eidolon
 21775 | Orc:1    | Noticed a bone dragon
 21775 | Orc:1    | Noticed a starcursed mass
 21777 | Orc:1    | Noticed a white draconian
 21789 | Orc:1    | Noticed a starcursed mass
 21807 | Orc:1    | Noticed an ancient lich
 21817 | Orc:1    | Noticed a tentacled starspawn
 21916 | Orc:1    | Found Poku's Armour Boutique.
 22124 | Orc:2    | Entered Level 2 of the Orcish Mines
 22364 | Orc:1    | Paralysed by an orc sorcerer for 3 turns
 22476 | Orc:2    | Reached skill level 10 in Dodging
 22666 | Orc:2    | Reached skill level 14 in Invocations
 22829 | Orc:2    | Found a staircase to the Elven Halls.
 22837 | Orc:2    | Noticed Rupert
 22849 | Orc:2    | Paralysed by Rupert for 5 turns
 22863 | Orc:2    | Killed Rupert
 23343 | Orc:2    | Gained mutation: Armour fits poorly on your strangely
                  | shaped body. [a neqoxec]
 23469 | Orc:2    | Found Wuxyrch's Jewellery Shop.
 23469 | Orc:2    | Found Dojom's Antique Armour Boutique.
 23481 | Orc:2    | Found Gaafid's Weapon Boutique.
 23486 | Orc:2    | Found Hysethroe's Jewellery Shop.
 23859 | Orc:2    | Lost mutation: Armour fits poorly on your strangely shaped
                  | body. [potion of mutation]
 23859 | Orc:2    | Gained mutation: Armour fits poorly on your strangely
                  | shaped body. [potion of mutation]
 23859 | Orc:2    | Gained mutation: You are strong-willed. (Will+) [potion of
                  | mutation]
 23859 | Orc:2    | Gained mutation: You occasionally shout uncontrollably at
                  | your foes. [potion of mutation]
 23859 | Orc:2    | Gained mutation: You have a beak for a mouth. [potion of
                  | mutation]
 23860 | Orc:2    | Lost mutation: You are strong-willed. (Will+) [potion of
                  | mutation]
 23860 | Orc:2    | Lost mutation: Armour fits poorly on your strangely shaped
                  | body. [potion of mutation]
 23860 | Orc:2    | Lost mutation: You have a beak for a mouth. [potion of
                  | mutation]
 23860 | Orc:2    | Gained mutation: You have hidden genetic potential. [potion
                  | of mutation]
 23860 | Orc:2    | Gained mutation: You are covered in fur. (AC +1) [potion of
                  | mutation]
 23860 | Orc:2    | Gained mutation: You have an increased reservoir of magic.
                  | (+10% MP) [potion of mutation]
 23949 | D:12     | Noticed Jorgrun
 24014 | D:12     | Killed Jorgrun
 24015 | D:12     | Gained mutation: When hurt, damage is shared between your
                  | health and your magic reserves. [demonic ancestry]
 24015 | D:12     | Reached XP level 14. HP: 89/113 MP: 27/27
 24331 | D:12     | Found a snail-covered altar of Cheibriados.
 24653 | Orc:2    | Bought a ring of see invisible for 225 gold pieces
 25618 | D:13     | Noticed Frances
 25632 | D:13     | Killed Frances
 26230 | D:14     | Noticed Urug
 26230 | D:14     | Found a gate to the Vaults.
 26326 | D:14     | Noticed Nessos
 26809 | D:14     | Killed Nessos
 26810 | D:14     | Reached skill level 15 in Invocations
 26964 | D:14     | Noticed Azrael
 27109 | Orc:1    | Bought the +0 pair of boots of Daffodils {Drain rF++
                  | Will+++ Str-2} for 660 gold pieces
 27531 | D:14     | Killed Azrael
 27879 | D:14     | Gained mutation: You possess an exceptional clarity of
                  | mind. [hidden potential]
 28278 | D:14     | Killed Urug
 28472 | D:15     | Entered Level 15 of the Dungeon
 28838 | D:15     | Reached XP level 15. HP: 120/122 MP: 29/29
 29136 | D:15     | Found a staircase to the Depths.
 29557 | Spider:1 | Entered Level 1 of the Spider Nest
 30310 | Spider:1 | Noticed Kirke
 30326 | Spider:1 | Killed Kirke
 30327 | Spider:1 | Reached skill level 16 in Invocations
 31850 | Spider:2 | Noticed an emperor scorpion
 32403 | Spider:2 | Gained mutation: You are robust. (+10% HP) [hidden
                  | potential]
 32403 | Spider:2 | Lost mutation: You have hidden genetic potential. [hidden
                  | potential expressed]
 32555 | Spider:1 | Killed an emperor scorpion
 33399 | Spider:2 | Identified the ring of Icolui {*Corrode rPois rC++ Will+
                  | Int+9}
 34867 | Spider:3 | Lost mutation: You have an increased reservoir of magic.
                  | (+10% MP) [mutagenic glow]
 34884 | Spider:3 | Gained mutation: Your body sometimes deteriorates upon
                  | taking damage. [mutagenic glow]
 35103 | Spider:4 | Entered Level 4 of the Spider Nest
 35576 | Spider:3 | Corrupted Spider:3
 35927 | Spider:3 | Reached skill level 17 in Invocations
 36070 | Spider:3 | Gained mutation: Your presence sometimes corrodes those you
                  | injure. [demonic ancestry]
 36070 | Spider:3 | Reached XP level 16. HP: 144/144 MP: 28/28
 36070 | Spider:3 | Lost mutation: You are covered in fur. (AC +1) [potion of
                  | mutation]
 36070 | Spider:3 | Lost mutation: You possess an exceptional clarity of mind.
                  | [potion of mutation]
 36070 | Spider:3 | Gained mutation: You have a beak for a mouth. [potion of
                  | mutation]
 36070 | Spider:3 | Gained mutation: Your muscles are strong. (Str +4, Int/Dex
                  | -1) [potion of mutation]
 36071 | Spider:3 | Lost mutation: You occasionally shout uncontrollably at
                  | your foes. [potion of mutation]
 36071 | Spider:3 | Lost mutation: You have a beak for a mouth. [potion of
                  | mutation]
 36071 | Spider:3 | Lost mutation: Your body sometimes deteriorates upon taking
                  | damage. [potion of mutation]
 36071 | Spider:3 | Gained mutation: Armour fits poorly on your strangely
                  | shaped body. [potion of mutation]
 36072 | Spider:3 | Lost mutation: Your muscles are strong. (Str +4, Int/Dex
                  | -1) [potion of mutation]
 36072 | Spider:3 | Lost mutation: You are robust. (+10% HP) [potion of
                  | mutation]
 36072 | Spider:3 | Lost mutation: Armour fits poorly on your strangely shaped
                  | body. [potion of mutation]
 36072 | Spider:3 | Gained mutation: Your flesh is cold resistant. (rC+)
                  | [potion of mutation]
 36072 | Spider:3 | Gained mutation: Armour fits poorly on your strangely
                  | shaped body. [potion of mutation]
 36072 | Spider:3 | Gained mutation: You are strong-willed. (Will+) [potion of
                  | mutation]
 36072 | Spider:3 | Gained mutation: You are agile. (Dex +4, Str/Int -1)
                  | [potion of mutation]
 36961 | Spider:4 | Noticed Roxanne
 37197 | D:8      | Bought a scroll of silence for 142 gold pieces
 37198 | D:8      | Bought a scroll of fear for 60 gold pieces
 37477 | Spider:4 | Killed Roxanne
 39930 | Spider:4 | Noticed Louise
 39941 | Spider:4 | Killed Louise
 40110 | Spider:4 | Noticed Mara
 40119 | Spider:4 | Noticed croobank's illusion
 40126 | Spider:4 | HP: 6/133 [Mara (illusionary)/+2 demon blade of venom (9)]
 40143 | Spider:4 | Corrupted Spider:4
 40143 | Spider:4 | Noticed a lich
 40146 | Spider:4 | Noticed a tentacled starspawn
 40152 | Spider:4 | Killed Mara
 40253 | Spider:4 | Got a gossamer rune of Zot
 40966 | Elf:1    | Entered Level 1 of the Elven Halls
 41489 | Elf:1    | Identified a +2 broad axe of distortion (a +0 broad axe of
                  | electrocution corrupted by Lugonu)
 41489 | Elf:1    | Received a gift from Lugonu
 41514 | Elf:1    | Corrupted Elf:1
 41514 | Elf:1    | Noticed a tentacled starspawn
 41514 | Elf:1    | Noticed a tentacled starspawn
 41551 | Elf:1    | Noticed a tentacled starspawn
 41674 | Elf:1    | Reached skill level 18 in Invocations
 41990 | Elf:1    | Paralysed by an air elemental for 1 turns
 41994 | Elf:1    | Paralysed by an air elemental for 1 turns
 42157 | Elf:1    | Found a runed translucent gate.
 42157 | Elf:1    | Found a runed translucent gate.
 42157 | Elf:1    | Found a runed translucent gate.
 42253 | Elf:1    | Found Aromo's Magic Scroll Emporium.
 42257 | Elf:1    | Bought a scroll of silence for 161 gold pieces
 42257 | Elf:1    | Bought a scroll of blinking for 127 gold pieces
 42257 | Elf:1    | Bought a scroll of teleportation for 51 gold pieces
 42257 | Elf:1    | Bought a scroll of enchant weapon for 127 gold pieces
 42326 | Elf:1    | Got the Almanac of Adjuration
 42368 | Elf:1    | Noticed a Hell Sentinel
 42556 | Elf:1    | Noticed croobank's ghost (adept GnWn)
 42557 | Elf:1    | Noticed an acid blob
 42559 | Elf:1    | Found a viscous altar of Jiyva.
 42766 | Elf:2    | Paralysed by an air elemental for 1 turns
 42771 | Elf:1    | Paralysed by an air elemental for 1 turns
 42831 | Elf:1    | Paralysed by an air elemental for 1 turns
 42835 | Elf:2    | Paralysed by an air elemental for 1 turns
 43172 | Elf:1    | Reached XP level 17. HP: 140/140 MP: 30/30
 43818 | Elf:2    | Corrupted Elf:2
 43834 | Elf:2    | HP: 5/122 [+3 dire flail of protection (7)]
 43957 | Elf:2    | Found Owinul's Book Shoppe.
 43958 | Elf:2    | Found a runed translucent door.
 43960 | Elf:2    | Noticed Fuonemn's ghost (veteran DDBe)
 44165 | Shoals:1 | Entered Level 1 of the Shoals
 44182 | Shoals:1 | Corrupted Shoals:1
 44215 | Shoals:1 | Noticed a bone dragon
 44303 | Shoals:1 | Found Xenkiott's Magic Scroll Shoppe.
 44304 | Shoals:1 | Found Hoowiror's Antique Weapon Boutique.
 44307 | Shoals:1 | Found Juititz's Jewellery Shoppe.
 44330 | Shoals:1 | Bought the amulet "Xeihonod" {Rampage Regen+ Int+2 Stlth+}
                  | for 484 gold pieces
 44339 | Shoals:1 | Bought a scroll of blinking for 75 gold pieces
 44339 | Shoals:1 | Bought a scroll of summoning for 95 gold pieces
 44823 | Shoals:1 | Noticed Donald
 44834 | Shoals:1 | Banished Donald
 45454 | Shoals:2 | Corrupted Shoals:2
 45454 | Shoals:2 | Noticed a bone dragon
 45466 | Shoals:2 | Found Kuwnyaps's Antique Armour Shop.
 45472 | Shoals:2 | Reached skill level 15 in Fighting
 45474 | Shoals:2 | Noticed Ilsuiw
 45484 | Shoals:2 | Killed Ilsuiw
 45501 | Shoals:2 | Found a frozen archway.
 45523 | IceCv    | Entered an ice cave
 46091 | IceCv    | Found an ancient bone altar of Kikubaaqudgha.
 46130 | IceCv    | Corrupted IceCv
 46130 | IceCv    | Noticed a bone dragon
 46131 | IceCv    | Noticed a bone dragon
 46132 | IceCv    | Noticed a bone dragon
 46149 | IceCv    | Killed a lich
 46374 | IceCv    | Identified the ring of Xom's Generosity {Ice *Slow rPois
                  | Dex+3 Slay+2}
 46713 | Shoals:2 | Found a runed translucent gate.
 46713 | Shoals:2 | Found a runed translucent gate.
 46713 | Shoals:2 | Found a runed translucent gate.
 46714 | Shoals:2 | Found an opulent altar of Gozag.
 46715 | Shoals:2 | Noticed Abaecet's ghost (adept TrFi)
 46717 | Shoals:2 | Found Doyluff's Assorted Antiques.
 46827 | Shoals:2 | Reached skill level 1 in Necromancy
 47068 | Shoals:2 | Reached skill level 1 in Spellcasting
 47606 | Shoals:3 | Noticed Polyphemus
 47743 | Shoals:2 | Reached skill level 19 in Invocations
 47770 | Shoals:2 | Killed Polyphemus
 48184 | Shoals:3 | Identified the +1 ring mail of the Eggfruit {Int+5}
 48404 | Orc:2    | Bought a +6 ring of strength for 540 gold pieces
 49115 | Shoals:3 | Noticed a kraken
 49116 | Shoals:3 | Banished a kraken
 49410 | Shoals:4 | Entered Level 4 of the Shoals
 49420 | Shoals:4 | Gained mutation: You have a pair of large horns on your
                  | head. [demonic ancestry]
 49420 | Shoals:4 | Reached XP level 18. HP: 148/149 MP: 31/31
 49428 | Shoals:4 | Paralysed by an air elemental for 1 turns
 49430 | Shoals:4 | Paralysed by an air elemental for 1 turns
 49435 | Shoals:4 | Paralysed by an air elemental for 1 turns
 49444 | Shoals:4 | Reached skill level 5 in Necromancy
 49507 | Shoals:4 | Paralysed by an air elemental for 1 turns
 49510 | Shoals:4 | Paralysed by an air elemental for 1 turns
 49513 | Shoals:4 | Paralysed by an air elemental for 1 turns
 49517 | Shoals:4 | Paralysed by an air elemental for 1 turns
 49824 | Shoals:4 | Paralysed by an air elemental for 1 turns
 50013 | Shoals:4 | Paralysed by an air elemental for 1 turns
 50018 | Shoals:4 | Paralysed by an air elemental for 1 turns
 50022 | Shoals:4 | Paralysed by an air elemental for 1 turns
 50026 | Shoals:4 | Paralysed by an air elemental for 1 turns
 50095 | Shoals:4 | Identified the +9 arbalest of Moral Flaws {elec, rF++ rCorr
                  | Str+4 Dex+2}
 50096 | Shoals:4 | Paralysed by an air elemental for 1 turns
 50098 | Shoals:4 | Corrupted Shoals:4
 50409 | Shoals:4 | Got a barnacled rune of Zot
 50696 | Shoals:4 | Paralysed by an air elemental for 1 turns
 50962 | Shoals:3 | Identified the +9 rapier "Lefoecke" {flame, Contam rElec
                  | Int+5 Dex+4}
 51241 | Vaults:1 | Entered Level 1 of the Vaults
 53256 | Vaults:1 | Corrupted Vaults:1
 53478 | Vaults:1 | Found Zuridu's Magic Scroll Emporium.
 53862 | Vaults:2 | Reached skill level 1 in Shields
 53876 | Vaults:2 | Reached skill level 20 in Invocations
 54103 | Vaults:2 | Gained mutation: Your presence sometimes corrodes or
                  | deforms those you injure. [demonic ancestry]
 54103 | Vaults:2 | Reached XP level 19. HP: 156/157 MP: 33/33
 54203 | Vaults:2 | Corrupted Vaults:2
 55587 | Vaults:2 | Found a staircase to the Crypt.
 55587 | Vaults:2 | Found a basalt altar of Yredelemnul.
 55587 | Vaults:2 | Found an ancient bone altar of Kikubaaqudgha.
 55700 | Vaults:2 | Reached skill level 5 in Shields
 56127 | Vaults:3 | Found Omyrgh's Magic Scroll Boutique.
 56136 | Vaults:3 | Bought a scroll of enchant weapon for 90 gold pieces
 56136 | Vaults:3 | Bought a scroll of teleportation for 36 gold pieces
 56136 | Vaults:3 | Bought a scroll of fear for 48 gold pieces
 56138 | Vaults:3 | Found Rerr's Armour Shop.
 56221 | Vaults:3 | Found a magical portal.
 56232 | WizLab   | Entered Borgnjor's Mausoleum
 56274 | WizLab   | Reached skill level 15 in Axes
 57077 | WizLab   | HP: 4/142 [ancient champion/iron shot (20)]
 57077 | WizLab   | Slain by a jiangshi

Illustrated notes

Levels and vault maps discovered:
D:1:      dpeg_arrival_tiny_a, layout_basic,
          ebering_ecumenical_altar_sacrificial
D:2:      layout_loops_ring, serial_shops, shop, grunt_decor_mini_mirrors
D:3:      layout_loops_ring, mainiacjoe_overflow_tiny_flanked,
          minmay_misc_feat_ornament
D:4:      layout_basic, mainiacjoe_overflow_alcove_1, gammafunk_ghost_grave,
          minmay_misc_feat_encased, dk_rats_in_the_wall
D:5:      cheibrodos_iron_armory, layout_loops_ring, trog_three_pillars_becter,
          tso_oasis_becter, wad_floor_pattern_1, grunt_ministairs_7,
          fountainhead, minmay_fountain_box, minmay_stone_trees_small,
          goddamned_bats, uniq_ijyb, uniq_blork_the_orc, uniq_pikel
D:6:      layout_loops_ring, makhleb_grotto_becter
D:7:      layout_loops_ring, minmay_temple_entry_poolview, serial_shops,
          nicolae_shop_crystal, uniq_maggie
D:8:      layout_gridville, nicolae_wooded_promenade, uniq_erica
D:9:      nicolae_BIG_FREAKIN_CUBE, layout_basic,
          mainiacjoe_overflow_cross_hatched, mainiacjoe_overflow_24_doors,
          nicolae_overflow_hidden_temple, mainiacjoe_overflow_brackets,
          serial_co_window_serial, co_window_of_opportunity_a,
          co_window_corner_a, co_window_of_opportunity_a, co_window_corner_a,
          co_window_paths_a, co_window_corner_cb, co_window_cross_2,
          co_window_unsneaky_path_d, glass_columns_c, glass_columns_c,
          glass_columns_c, glass_columns_c, glass_columns_b
D:10:     layout_long_grid, st_stairs_1
D:11:     layout_basic, erik_orc_4, uniq_sonja, uniq_josephine
D:12:     layout_loops_ring, chei_slow_surprise, uniq_jorgrun
D:13:     layout_stronghold, uniq_frances
D:14:     layout_basic, david_vaults_3, chequers_arboretum, minmay_statues_item,
          uniq_nessos, uniq_azrael
D:15:     hangedman_depths_entry_try_elsewhere_first, layout_rooms,
          minmay_misc_feat_rugged, elyvilon_altar_3
Lair:1:   layout_cave_pods, minmay_holes, grunt_forest_large_clearing_hut,
          uniq_urug
Lair:2:   wander_river, layout_hall_layers, minmay_shoals_entry_centaurs,
          uniq_harold
Lair:3:   layout_regular_city, spider_nest_entry_funnel_web, basic_altar,
          beast_lair_carwin_1
Lair:4:   dreamdust_cave_troll, layout_cave_shapes, dpeg_slime_entry_corner
Lair:5:   hellmonk_lair_end_abyssal_woods, layout_loops_ring,
          infiniplex_staircase_pool_2, grunt_megastairs_1, serial_bayou_shore_a
Shoals:1: layout_shoals, serial_shops, shop, nicolae_shop_trees, shop,
          uniq_donald
Shoals:2: layout_shoals, ebering_ghost_gozag,
          portal_ice_cave_entry_ice_simulacra, nicolae_stop_n_shop_2,
          kb_tengu_band, uniq_ilsuiw
Shoals:3: layout_shoals, nicolae_shoals_hidden_pirate_stash, uniq_polyphemus
Shoals:4: shoals_end_hellmonk_storm_palace [storm_palace_center_circular,
          storm_palace_corner_pillars, storm_palace_corner_pillars,
          storm_palace_corner_blocked, storm_palace_corner_pillars]
Spider:1: layout_chambers, uniq_kirke
Spider:2: layout_spider_delve, nicolae_spider_checkerboard
Spider:3: layout_cave_pods
Spider:4: floodkiller_spider_rune_tomb, uniq_louise, uniq_mara, uniq_roxanne
Orc:1:    layout_caves, serial_shops, shop_fountains
Orc:2:    st_orc_mages, layout_diamond_mine, uniq_rupert
Elf:1:    minmay_elf_arrival_circle, layout_gridlike, gammafunk_ghost_ooze,
          serial_shops, nicolae_shop_stone, minmay_elf_demonology,
          nicolae_elf_blasts_and_bolts
Elf:2:    elven_hall_of_blades_hangedman_original
          [nicolae_blade_entry_area_security], layout_gridlike, serial_shops,
          shop, ebering_ghost_inner_flame, hex_intersection, lemuel_elevator
Vaults:1: vaults_room_pool, vaults_mumra_lcd, ontoclasm_vaults_decontamination,
          nicolae_vaults_border_crossing, vaults_mumra_chevron_long, v_misc_26,
          vaults_mumra_chevron, grunt_vaults_swirl, nicolae_vaults_murderbox,
          v_misc_31, nicolae_vaults_diagonal_hallway_6, vaults_room_fours,
          nicolae_vaults_three_branches, layout_vaults_ring, serial_shops, shop
Vaults:2: nicolae_vaults_little_squares_3, minmay_crypt_entry_necro_gods,
          grunt_vaults_trifunnel, nicolae_vaults_mini_display_case,
          hangedman_vaults_river_flow, nicolae_vaults_diagonal_hallway_9,
          nicolae_vaults_windows_and_doors_thing, v_misc_26,
          hangedman_vaults_restitches, layout_vaults_omnicross
Vaults:3: mu_enter_wizlab_1, st_spiral_rooms, v_misc_12, v_misc_27,
          hangedman_vaults_maws, nicolae_vaults_theta,
          nicolae_vaults_network_quinsquares
          [nicolae_vaults_network_quincunx_subvault,
          nicolae_vaults_network_quincunx_subvault,
          nicolae_vaults_network_quincunx_subvault,
          nicolae_vaults_network_quincunx_subvault], v_alt_pattern_2,
          layout_vaults_chaotic_city, serial_shops,
          nicolae_shop_temple_entry_statues_fountains, nicolae_shop_stone,
          nicolae_shop_crystal
WizLab:   wizlab_borgnjor

Skill      XL: |  1  2  3  4  5  6  7  8  9 10 11 12 13 14 15 16 17 18 19 |
---------------+----------------------------------------------------------+-----
Dodging        | 1 2 3 4 5 7 8 9 10 11 12 13 14 | 14.4
Axes           | 2 3 4 5 6 7 8 9 10 11 12 13 14 15 | 15.1
Armour         | 2 3 4 5 6 7 8 9 10 11 12 13 14 | 14.6
Invocations    | 3 4 5 7 8 10 11 13 14 15 17 18 19 20 | 20.6
Fighting       | 4 5 6 7 8 9 10 11 12 13 14 15 16 | 16.5
Necromancy     | 4 8 |  8.6
Spellcasting   | 2 4 |  4.8
Shields        | 2 6 |  6.0

Action                   |  1- 3 |  4- 6 |  7- 9 | 10-12 | 13-15 | 16-18 | 19-21 || total
-------------------------+-------+-------+-------+-------+-------+-------+-------++-------
Melee: Hand axe          |   145 |    88 |   226 |   496 |  1250 |  1433 |   413 ||  4051
       Headbutt          |     7 |    18 |    57 |   146 |   342 |   567 |   151 ||  1288
       Punch             |       |       |     4 |    10 |     6 |       |       ||    20
       Scimitar          |       |       |       |     5 |    26 |    19 |       ||    50
       Broad axe         |       |       |       |       |       |   241 |       ||   241
Throw: Boomerang         |       |       |       |       |     4 |    20 |       ||    24
       Throwing net      |       |       |       |       |       |     4 |       ||     4
Invok: Depart the Abyss  |     1 |       |       |       |       |       |       ||     1
       Bend Space        |     1 |       |       |       |     1 |       |       ||     2
       Corrupt           |       |       |       |     1 |     3 |     8 |     1 ||    13
       Banish            |       |       |       |     1 |     1 |     4 |       ||     6
       Brand Weapon With |       |       |       |       |       |     1 |       ||     1
Evoke: Wand              |       |       |     1 |    14 |    22 |    18 |     2 ||    57
       Box of beasts     |       |       |       |       |     1 |       |       ||     1
       Phial of floods   |       |       |       |       |     1 |     2 |       ||     3
       Tin of tremorston |       |       |       |       |       |       |     1 ||     1
  Use: Scroll            |     5 |     2 |     8 |    16 |    25 |    16 |     6 ||    78
       Potion            |     3 |       |     1 |     1 |    14 |    18 |     1 ||    38
 Stab: Sleeping          |       |     2 |       |       |       |       |       ||     2
       Distracted        |       |     1 |     2 |     3 |    26 |    43 |    12 ||    87
       Held in net/web   |       |       |       |       |       |     1 |       ||     1
Armor: Leather armour    |    54 |       |       |       |       |       |       ||    54
       Skin              |    10 |       |       |       |       |       |       ||    10
       Crystal plate arm |       |   101 |   194 |   509 |  1141 |  1079 |   197 ||  3221
       Ring mail         |       |       |       |       |    79 |       |       ||    79
Dodge: Dodged            |   114 |    10 |     3 |    91 |   445 |   441 |   110 ||  1214
Block: Kite shield       |       |       |       |       |   436 |  1015 |   279 ||  1730
       Reflection        |       |       |       |       |     7 |    48 |    31 ||    86
